 Dungeon Crawl Stone Soup version 0.30-a0-793-g160f7cfddd (webtiles) character file.

Game seed: 970147636377313423

273941 demibob the Slayer (level 19, -18/146 (198) HPs)
             Began as a Minotaur Fighter on Feb 19, 2023.
             Was an Initiate of Gozag.
             Killed from afar by a Hell Sentinel (22 damage)
             ... with damnation
             ... on level 3 of the Abyss.
             The game lasted 01:57:51 (46805 turns).

demibob the Slayer (Minotaur Fighter)              Turns: 46805, Time: 01:57:52

HP:   -18/146 (198) AC: 25    Str: 22    XL:     19   Next: 90%
MP:   18/18         EV: 14    Int: 15    God:    Gozag
Gold: 777           SH:  0    Dex: 19    Spells: 18/18 levels left

rFire   + + +      SeeInvis +    a - +11 plutonium sword {Contam Stlth-}
rCold   + + .      Faith    .    (shield currently unavailable)
rNeg    . . .      Spirit   .    N - +1 plate armour "Qaseh" {rF++ Int+2}
rPois   +          Reflect  .    u - +0 hat {Int+3}
rElec   +          Harm     .    (no cloak)
rCorr   +          Rampage  .    t - +0 pair of gloves
Will    +....                    Z - +0 pair of boots Stlth
                                 O - amulet of regeneration
HPRegen 1.24/turn                v - ring of see invisible
MPRegen 0.16/turn                q - ring "Peucoocae" {Fly rC+ Int+3 Dex+4 Slay+4}

@: mighty, resistant, flying, hasted, very heavily drained, very quick
A: horns 2, retaliatory headbutt
}: 1/15 runes: gossamer
a: Renounce Religion, Potion Petition, Call Merchant, Bribe Branch


You were on level 3 of the Abyss.
You worshipped Gozag.
Gozag was pleased with you.
You visited 6 branches of the dungeon, and saw 31 of its levels.
You visited the Abyss 2 times.
You also visited: Sewer and Gauntlet.

You collected 13798 gold pieces.
You spent 5988 gold pieces at shops.
You paid 7033 gold pieces to Gozag.


Innate Abilities, Weirdness & Mutations

You have a pair of horns on your head.
You reflexively headbutt those who attack you in melee.


   Skills:
 + Level 24.2 Fighting
 - Level 22.0 Long Blades
 - Level 22.3 Armour
 + Level 11.1 Dodging
 - Level 3.6 Shields
 - Level 14.6 Evocations


You had 18 spell levels left.
You didn't know any spells.
Your spell library contained the following spells:

 Spells                   Type           Power      Damage    Failure   Level
 Magic Dart               Conj           0%         1d3       82%         1
 Necrotise                Necr           0%         1d4       82%         1
 Shock                    Conj/Air       0%         1d3       82%         1
 Sting                    Tmut/Pois      0%         1d3       82%         1
 Summon Small Mammal      Summ           0%         N/A       82%         1
 Call Imp                 Summ           0%         N/A       91%         2
 Poisonous Vapours        Pois/Air       0%         N/A       91%         2
 Dazzling Flash           Conj/Hex       0%         N/A       99%         3
 Hailstorm                Conj/Ice       0%         3d3       99%         3
 Ignite Poison            Fire/Tmut/Pois 0%         N/A       99%         3
 Kindle Blastsparks       Fire/Tloc/Air  0%         2d10      99%         3
 Mephitic Cloud           Conj/Pois/Air  0%         N/A       99%         3
 Ozocubu's Armour         Ice            0%         N/A       99%         3
 Summon Guardian Golem    Hex/Summ       0%         N/A       99%         3
 Vampiric Draining        Necr           0%         2d6       99%         3
 Airstrike                Air            0%         2d(0-16)  100%        4
 Anguish                  Hex/Necr       0%         N/A       100%        4
 Animate Armour           Summ/Erth      0%         N/A       100%        4
 Flame Wave               Conj/Fire      0%         2d4       100%        4
 Ice Form                 Ice/Tmut       0%         N/A       100%        4
 Iskenderun's Mystic Bla  Conj/Tloc      0%         2d3       100%        4
 Olgreb's Toxic Radiance  Pois           0%         N/A       100%        4
 Agony                    Necr           0%         N/A       100%        5
 Freezing Cloud           Conj/Ice/Air   0%         6-21      100%        5
 Lightning Bolt           Conj/Air       0%         1d11      100%        5
 Summon Forest            Summ/Tloc      0%         N/A       100%        5
 Starburst                Conj/Fire      0%         6d3       100%        6
 Ozocubu's Refrigeration  Ice            0%         4d7       100%        7
 Simulacrum               Ice/Necr       Unusable   N/A       N/A         6

Inventory:

Hand Weapons
 a - the +11 plutonium sword (weapon) {Contam Stlth-}
   (You bought it in a shop on level 7 of the Dungeon)

   Contam:    It causes magical contamination when unequipped.
   Stlth:     It makes you less stealthy.
 J - the +7 great sword "Arbiter" {freeze, rElec rN++ Dex+3 Stlth-}
   (You bought it in a shop on level 7 of the Dungeon)

   Dex:       It affects your dexterity (+3).
   rElec:     It insulates you from electricity.
   rN:        It greatly protects you from negative energy.
   Stlth:     It makes you less stealthy.
Missiles
 b - 4 throwing nets {=f}
Armour
 t - a +0 pair of gloves (worn)
 u - a +0 hat of intelligence (worn)
 N - the +1 plate armour "Qaseh" (worn) {rF++ Int+2}
   (You took it off a human on level 14 of the Dungeon)

   Int:       It affects your intelligence (+2).
   rF:        It greatly protects you from fire.
 Z - a +0 pair of boots (worn)
Jewellery
 c - a ring of protection from cold
 q - the ring "Peucoocae" (right hand) {Fly rC+ Int+3 Dex+4 Slay+4}
   (You took it off an ironbound convoker on level 1 of the Vaults)

   [ring of slaying]

   Int:       It affects your intelligence (+3).
   Dex:       It affects your dexterity (+4).
   Slay:      It affects your accuracy & damage with ranged weapons and melee
   (+4).
   rC:        It protects you from cold.
   Fly:       It grants you flight.
 v - a ring of see invisible (left hand)
 C - a ring of protection from cold
 F - a ring of protection from fire
 K - the ring of the Vendetta {Ice rPois Str+5}
   (You found it in a Gauntlet)

   [ring of ice]

   It enhances your ice magic.
   Str:       It affects your strength (+5).
   rF:        It makes you vulnerable to fire.
   rC:        It protects you from cold.
   rPois:     It protects you from poison.
 O - an amulet of regeneration (around neck)
 P - a ring of poison resistance
 R - a ring of resist corrosion
 W - a ring of willpower
 Y - a +4 ring of slaying
Wands
 d - a wand of mindburst (4)
 e - a wand of paralysis (15)
 l - a wand of digging (3)
 m - a wand of roots (21)
 r - a wand of flame (41)
 z - a wand of polymorph (29)
 X - a wand of quicksilver (10)
Scrolls
 g - a scroll of blinking
 i - 6 scrolls of enchant armour
 j - a scroll of brand weapon
 o - 10 scrolls of teleportation {@r2}
 w - 5 scrolls of enchant weapon
 y - 12 scrolls of identify {@r1}
 Q - a scroll of silence {!r}
 U - 2 scrolls of magic mapping
 V - 2 scrolls of fear
Potions
 f - 6 potions of brilliance
 h - 13 potions of flight
 k - 17 potions of mutation
 s - 2 potions of invisibility
 D - 2 potions of cancellation
 H - a potion of resistance
 M - 2 potions of haste {@q3}
 T - 2 potions of curing {@q1}
Miscellaneous
 p - a condenser vane (inert)
 A - a box of beasts
 B - a phial of floods

Dungeon Overview and Level Annotations

Branches:
Dungeon (15/15)            Temple (0/1) D:7            Lair (5/5) D:11
 Shoals (0/4) Lair:3       Spider (4/4) Lair:3        Slime (0/5) Lair:5
    Orc (2/2) D:11            Elf (3/3) Orc:2        Vaults (2/5) D:14
  Crypt (0/3) Vaults:2     Depths (0/4) D:15          Sewer (visited)
Gauntlet (visited)

Altars:
Dithmenos
Elyvilon
Gozag
Hepliaklqana
Makhleb
Okawaru
Ru
Uskayaw
Wu Jian
Yredelemnul
The Shining One

Shops:
D:2 (   D:7 (   D:11 [=(:   D:13 (   D:14 *?   Orc:2 ?[(==   Elf:1 =   Elf:3 ?

Annotations:
D:7 1 runed translucent door, Crazy Yiuf
Lair:2 1 exclusion
Lair:5 1 runed translucent door
Spider:3 2 transporters, exclusion: orange crystal statue
Elf:2 5 runed translucent doors
Vaults:1 2 transporters, Leriaza's ghost, veteran DsVM; Yptir's ghost, adept AtFE; barkas's ghost, adept DjVM

#.# #
..▒▒▒▒#
......▒
..▒.
..)▒
▒▒.▒
▒.▒ φ
▒1▒ ▒@▒
▒.▒ #.▒
##▒


You could see a Hell Sentinel.


Message History

* * * LOW HITPOINT WARNING * * *
The Hell Sentinel barely misses you.
Okay, then.
Use which ability? (? or * to list) [a] - 440 gold - invisibility, might and resistance [b] - 275 gold - curing and magic [c] - 576 gold - resistance, might and haste Purchase which effect?
You feel protected.
You feel very mighty all of a sudden.
You feel yourself speed up.
The Hell Sentinel completely misses you.
You furiously retaliate!
You headbutt the Hell Sentinel!!
The Hell Sentinel hits you but does no damage.
You barely miss the Hell Sentinel.
You headbutt the Hell Sentinel, but do no damage.
The Hell Sentinel is moderately wounded.
You slash the Hell Sentinel! You headbutt the Hell Sentinel.
The Hell Sentinel is moderately wounded.
The Hell Sentinel hits you!
* * * LOW HITPOINT WARNING * * *
The Hell Sentinel hits you.
* * * LOW HITPOINT WARNING * * *
You cut the Hell Sentinel into ribbons!!!
The Hell Sentinel is severely wounded.
You slice the Hell Sentinel!!
The Hell Sentinel is almost dead.
The Hell Sentinel gestures at you.
The sphere of damnation explodes!
The damnation engulfs you!!
You die...
Your body crumbles into a pile of gold.

Skill      XL: |  1  2  3  4  5  6  7  8  9 10 11 12 13 14 15 16 17 18 19 |
---------------+----------------------------------------------------------+-----
Long Blades    | 3 4 5 7 9 11 13 14 17 20 21 22 | 22.0
Armour         | 4 7 8 12 14 15 17 19 20 22 | 22.3
Fighting       | 4 7 8 12 14 15 17 19 20 22 24 | 24.2
Dodging        | 4 5 11 | 11.1
Evocations     | 3 8 12 14 | 14.6
Shields        | |  3.6

Action                     |  1- 3 |  4- 6 |  7- 9 | 10-12 | 13-15 | 16-18 | 19-21 || total
---------------------------+-------+-------+-------+-------+-------+-------+-------++-------
  Melee: Long sword        |    76 |    96 |   406 |    35 |       |       |       ||   613
         Headbutt          |    12 |    10 |    76 |    87 |   238 |   318 |    96 ||   837
         Punch             |       |       |     9 |     3 |       |       |       ||    12
         Great sword       |       |       |       |   404 |   130 |       |       ||   534
         Triple sword      |       |       |       |       |   888 |  1211 |   369 ||  2468
 Invoke: Call Merchant     |       |       |     1 |       |     2 |     2 |     1 ||     6
         Potion Petition   |       |       |       |       |       |     1 |     1 ||     2
  Evoke: Wand              |       |       |     7 |    27 |    22 |    27 |     1 ||    84
         Box of beasts     |       |       |       |     1 |     2 |     4 |       ||     7
         Phial of floods   |       |       |       |     1 |       |       |       ||     1
         Condenser vane    |       |       |       |       |     2 |     6 |     1 ||     9
    Use: Scroll            |     7 |     6 |     4 |     8 |    12 |     7 |     3 ||    47
         Potion            |     1 |     7 |     3 |     6 |    16 |    15 |     8 ||    56
   Stab: Distracted        |       |       |     1 |     2 |     9 |    10 |     2 ||    24
         Invisible         |       |       |     4 |       |     5 |       |       ||     9
 Armour: Scale mail        |    45 |    45 |   114 |   123 |    82 |       |       ||   409
         Ring mail         |       |       |       |       |    56 |       |       ||    56
         Chain mail        |       |       |       |       |   270 |       |       ||   270
         Plate armour      |       |       |       |       |    18 |   646 |   131 ||   795
  Dodge: Dodged            |    32 |    42 |   136 |   150 |   408 |   494 |   121 ||  1383

Levels and vault maps discovered:
D:1:      scummos_arrival_simple_crosswalls, layout_basic
D:2:      layout_basic, serial_glass, glass_columns_b, glass_columns_a,
          feat_on_display, minmay_strange_pillars, serial_shops, shop,
          minmay_misc_feat_nine_boxes, nrook_campfire, minmay_pentomino_t4,
          uniq_robin, uniq_terence, uniq_sigmund
D:3:      layout_basic, mainiacjoe_overflow_paths, grunt_temple_overflow_open,
          supply_closet_lemuel
D:4:      layout_cave_pools, okawaru_metal_pillars_1_2, uniq_ijyb, uniq_natasha
D:5:      layout_cave_pods
D:6:      nicolae_cairo_tiling_large_dashed, layout_basic,
          nicolae_uskayaw_dance_hall, worldfamousw_hep_ancestral_shrine,
          mainiacjoe_overflow_alcove_4, gup_sewer_entry_pipe,
          hangedman_decor_push, uniq_edmund
D:7:      layout_loops_cross, minmay_temple_entry_statues_fountains,
          uniq_crazy_yiuf_cottage
D:8:      layout_basic, tso_metal_star, pdpol_wu_jian_five_deadly_venoms,
          amcnicky_altar_gilded, hellmonk_guarded_unrand_zhor
D:9:      layout_gridville
D:10:     layout_basic, old_standard_altar, special_room [special_room_kobold],
          chequers_decorated_corner
D:11:     minmay_twisted_water, layout_small_grid, lair_entry_dummy,
          minmay_orc_entry_temple_small, serial_shops, shop,
          nicolae_shop_self_help, uniq_snorg, uniq_erolcha
D:12:     layout_roguey
D:13:     layout_rooms
D:14:     layout_loops_ring, ximxim_vaults_locker_room, fungi_pond_lemuel,
          serial_bayou_pond_d, nicolae_nh_oracle_at_delphi
D:15:     gammafunk_depths_entry_grave, layout_long_grid,
          nicolae_ru_awakened_eye, gauntlet_entry_generic,
          yredelemnul_forgotten_temple_becter
Lair:1:   layout_gridlike, portal_ice_cave_entry_ice_simulacra,
          lemuel_fruit_tree
Lair:2:   layout_gridlike, nicolae_volcano_entry_vermiform, uniq_gastronok,
          uniq_fannar
Lair:3:   layout_loops_ring, minmay_shoals_entry_beasts, spider_nest_entry_webs
Lair:4:   layout_cave_pods
Lair:5:   hangedman_lair_in_review, layout_regular_city, slime_entry_2,
          eino_house_with_fridge
Spider:1: layout_spider_delve
Spider:2: layout_spider_delve, nicolae_spider_swamp_cousins
Spider:3: gammafunk_sealed_arena, ebering_ghost_disaster_area
Spider:4: hellmonk_spider_rune_endless_swarm, nicolae_spider_stair_cavern,
          uniq_louise
Orc:1:    layout_caves, uniq_harold, uniq_josephine
Orc:2:    grunt_orc_tribal_feast, layout_diamond_mine, serial_shops,
          nicolae_shop_hallway_plus
Elf:1:    nicolae_elf_arrival_aired_out, layout_loops_corners,
          hangedman_elf_disciples, evilmike_minifort
Elf:2:    elven_hall_of_blades_hangedman_alternative
          [nicolae_blade_entry_sentries_behind_glass], layout_loops_corners,
          uniq_zenata
Elf:3:    elf_hall_gauntlet_narrow, layout_geoelf_octagon, serial_shops,
          shop_statue, nicolae_elf_shapeshifter_party, uniq_aizul, uniq_donald
Vaults:1: nzn_ghost_randoct, v_misc_28, hangedman_vaults_variations,
          vaults_mumra_lcd, vaults_room_grunt_arrival_checkpoint,
          grunt_vaults_funnel, nicolae_vaults_shelves_hall,
          nicolae_vaults_mini_display_case, v_alt_pattern_2,
          nicolae_vaults_hallways_thing, vaults_room_fancy_cross,
          vaults_dpeg_spiral, nicolae_vaults_circle_grid_a,
          vaults_dpeg_emergency_exit, nicolae_vaults_diagonal_hallway_7,
          layout_vaults_omnibox
Vaults:2: v_alt_pattern_6, v_alt_pattern_6, hangedman_vaults_capsules,
          v_rooms_2, nicolae_vaults_triangles,
          minmay_crypt_entry_simple_statues, nicolae_vaults_little_squares_5,
          ontoclasm_vaults_claustrophobia, hangedman_vaults_stitches,
          nicolae_vaults_specimen_jars, vaults_mumra_chevron_long,
          layout_vaults_big_room
Abyss:3:  base: Lair:2, hangedman_illusive_loot, hangedman_abyss_overflow_altar,
          base: Elf:2, grunt_abyss_rune_wretched_hive

Notes
Turn   | Place    | Note
-------+----------+-------------------------------------------
     0 | D:1      | demibob the Minotaur Fighter began the quest for the Orb.
     0 | D:1      | Reached XP level 1. HP: 19/19 MP: 0/0
    55 | D:1      | Reached skill level 3 in Long Blades
    63 | D:1      | Reached XP level 2. HP: 8/26 MP: 1/1
   467 | D:1      | Reached skill level 4 in Long Blades
   891 | D:2      | Reached XP level 3. HP: 31/31 MP: 2/2
   977 | D:2      | Noticed Robin
   992 | D:2      | Killed Robin
   993 | D:2      | Reached skill level 5 in Long Blades
  1005 | D:2      | Reached XP level 4. HP: 21/39 MP: 3/3
  1317 | D:2      | Found Urucam's Weapon Boutique.
  1436 | D:2      | Noticed Sigmund
  1447 | D:2      | Killed Sigmund
  1448 | D:2      | Reached skill level 7 in Long Blades
  1448 | D:2      | Reached XP level 5. HP: 32/45 MP: 4/4
  1583 | D:2      | Noticed Terence
  1591 | D:2      | Killed Terence
  1592 | D:2      | Reached XP level 6. HP: 42/51 MP: 5/5
  2199 | D:3      | Found a shadowy altar of Dithmenos.
  2281 | D:3      | Identified a potion of resistance
  2528 | D:4      | Reached skill level 8 in Long Blades
  2826 | D:4      | Reached skill level 9 in Long Blades
  2826 | D:4      | Reached XP level 7. HP: 52/57 MP: 6/6
  2918 | D:4      | Found an iron altar of Okawaru.
  2919 | D:4      | Noticed Ijyb
  2927 | D:4      | Killed Ijyb
  2936 | D:4      | Noticed Natasha
  2942 | D:4      | Killed Natasha
  3007 | D:4      | Noticed Natasha
  3021 | D:4      | Killed Natasha
  3061 | D:4      | Noticed Natasha
  3071 | D:4      | Killed Natasha
  3072 | D:4      | Reached skill level 10 in Long Blades
  3783 | D:3      | Found a basalt altar of Yredelemnul.
  3787 | D:3      | Found an opulent altar of Gozag.
  3796 | D:3      | Became a worshipper of Gozag Ym Sagoz the Greedy
  3853 | D:5      | Entered Level 5 of the Dungeon
  3938 | D:5      | Reached skill level 11 in Long Blades
  4064 | D:5      | Reached XP level 8. HP: 17/63 MP: 7/7
  4758 | D:5      | Reached skill level 12 in Long Blades
  5043 | D:6      | Noticed Edmund
  5060 | D:6      | Killed Edmund
  5184 | D:6      | Found a glowing drain.
  5213 | Sewer    | Entered a sewer
  5254 | Sewer    | Noticed Pargi
  5257 | Sewer    | Killed Pargi
  5258 | Sewer    | Reached skill level 13 in Long Blades
  5258 | Sewer    | Reached skill level 4 in Armour
  5269 | Sewer    | Reached skill level 4 in Fighting
  5530 | D:6      | Found a sacrificial altar of Ru.
  5723 | D:6      | Found a hazy altar of Hepliaklqana.
  5803 | D:6      | Found a hide-covered altar of Uskayaw.
  5912 | D:6      | Reached XP level 9. HP: 34/73 MP: 8/8
  5951 | D:6      | Reached skill level 5 in Fighting
  6169 | D:6      | Reached skill level 5 in Armour
  6426 | D:7      | Found a runed translucent door.
  6427 | D:7      | Noticed Crazy Yiuf
  6540 | D:7      | Reached skill level 6 in Armour
  6541 | D:7      | Reached skill level 6 in Fighting
  6844 | D:7      | Found a staircase to the Ecumenical Temple.
  6935 | D:7      | Reached skill level 14 in Long Blades
  7154 | D:7      | Reached skill level 7 in Fighting
  7154 | D:7      | Reached skill level 7 in Armour
  7791 | D:8      | Found the +4 skin of Zhor {*Englaciate rC+++ SInv}
  7907 | D:8      | Reached XP level 10. HP: 72/86 MP: 9/9
  8153 | D:8      | Found a white marble altar of Elyvilon.
  8163 | D:7      | Reached skill level 8 in Fighting
  8163 | D:7      | Reached skill level 8 in Armour
  8308 | D:7      | Bought a faintly glowing great sword for 287 gold pieces
  8308 | D:7      | Identified the +7 great sword "Arbiter" {freeze, rElec rN++
                  | Dex+3 Stlth-} (You bought it in a shop on level 7 of the
                  | Dungeon)
  8465 | D:8      | Reached skill level 15 in Long Blades
  8769 | D:8      | Reached skill level 16 in Long Blades
  8915 | D:8      | Found a glowing golden altar of the Shining One.
  9163 | D:8      | Found an ornate altar of the Wu Jian Council.
  9399 | D:9      | Noticed a two-headed ogre
  9406 | D:9      | Killed a two-headed ogre
  9476 | D:9      | Reached skill level 17 in Long Blades
  9563 | D:9      | Reached XP level 11. HP: 83/94 MP: 10/10
  9883 | D:10     | Entered Level 10 of the Dungeon
  9928 | D:10     | Found a burning altar of Makhleb.
 10450 | D:10     | Reached skill level 18 in Long Blades
 11119 | D:11     | Noticed a two-headed ogre
 11126 | D:11     | Killed a two-headed ogre
 11218 | D:11     | Reached skill level 19 in Long Blades
 11390 | D:11     | Found a staircase to the Orcish Mines.
 11411 | D:11     | Noticed Snorg
 11424 | D:11     | Killed Snorg
 11601 | D:11     | Found Vimeuph's Self-Improvement Boutique.
 11677 | D:11     | Found a staircase to the Lair.
 11699 | D:11     | Noticed a two-headed ogre
 11706 | D:11     | Killed a two-headed ogre
 11764 | D:11     | Found Ebue's Antique Armour Shop.
 11820 | D:11     | Noticed Erolcha
 11830 | D:11     | Killed Erolcha
 11831 | D:11     | Reached skill level 20 in Long Blades
 12334 | Lair:1   | Entered Level 1 of the Lair of Beasts
 12555 | Lair:1   | Found a frozen archway.
 12773 | Lair:1   | Reached XP level 12. HP: 90/103 MP: 11/11
 12842 | Lair:1   | Reached skill level 9 in Fighting
 12842 | Lair:1   | Reached skill level 9 in Armour
 13786 | Lair:2   | Noticed Gastronok
 13816 | Lair:2   | Killed Gastronok
 13819 | Lair:2   | Reached skill level 10 in Fighting
 13819 | Lair:2   | Reached skill level 10 in Armour
 14194 | Lair:2   | Noticed Fannar
 14205 | Lair:2   | Killed Fannar
 14869 | Lair:3   | Reached skill level 11 in Fighting
 14869 | Lair:3   | Reached skill level 11 in Armour
 15294 | Lair:3   | Found a hole to the Spider Nest.
 15506 | Lair:3   | Reached skill level 12 in Fighting
 15506 | Lair:3   | Reached skill level 12 in Armour
 15690 | Lair:3   | Found a staircase to the Shoals.
 15977 | Lair:3   | Reached XP level 13. HP: 117/119 MP: 12/12
 16944 | Lair:4   | Reached skill level 13 in Fighting
 16944 | Lair:4   | Reached skill level 13 in Armour
 17955 | Lair:4   | Reached skill level 14 in Fighting
 17955 | Lair:4   | Reached skill level 14 in Armour
 18457 | D:7      | Bought the +11 plutonium sword {Contam Stlth-} for 2500
                  | gold pieces
 18457 | D:7      | Found the +11 plutonium sword {Contam Stlth-}
 18595 | Lair:5   | Entered Level 5 of the Lair of Beasts
 18872 | Lair:5   | a nine-headed hydra changed into a spark wasp
 18872 | Lair:5   | Noticed a spark wasp
 18874 | Lair:5   | Killed a spark wasp
 19233 | Lair:5   | Found a runed translucent door.
 19240 | Lair:5   | Found a staircase to the Slime Pits.
 19994 | Lair:5   | Reached skill level 21 in Long Blades
 20740 | Lair:5   | Reached XP level 14. HP: 132/132 MP: 13/13
 21382 | D:11     | Upgraded the game from 0.30-a0-782-ge64f9170bb to
                  | 0.30-a0-793-g160f7cfddd
 21584 | D:12     | Reached skill level 22 in Long Blades
 21636 | D:12     | Reached skill level 1 in Dodging
 21862 | D:12     | Reached skill level 2 in Dodging
 22282 | Orc:1    | Entered Level 1 of the Orcish Mines
 22637 | Orc:2    | Entered Level 2 of the Orcish Mines
 22695 | Orc:2    | Found Woseol's Jewellery Shop.
 23133 | Orc:2    | Identified a +2 robe of the Archmagi
 23139 | Orc:2    | Reached skill level 3 in Dodging
 23548 | Orc:2    | Reached skill level 4 in Dodging
 23782 | Orc:2    | Found Kikifi Gubro's Jewellery Shoppe.
 23782 | Orc:2    | Found Sywif's Weapon Shop.
 23787 | Orc:2    | Found Kanaok's Armour Shoppe.
 23787 | Orc:2    | Found Ogewoa's Magic Scroll Shop.
 23840 | Orc:2    | Found a staircase to the Elven Halls.
 23966 | Orc:1    | Noticed Harold
 23966 | Orc:1    | Noticed Josephine
 23974 | Orc:1    | Killed Harold
 23989 | Orc:1    | Killed Josephine
 24208 | Orc:1    | Reached skill level 15 in Armour
 24428 | Orc:1    | Reached skill level 15 in Fighting
 24570 | Orc:2    | Bought a +2 chain mail of poison resistance for 333 gold
                  | pieces
 24776 | D:13     | Got the Elucidation of the Entrancing Retinue
 25350 | D:14     | Reached skill level 1 in Evocations
 25895 | D:14     | Reached skill level 2 in Evocations
 26207 | D:14     | Found The Oracle's Delphic Readings.
 26213 | D:14     | Reached skill level 3 in Evocations
 26272 | D:14     | Bought a scroll of teleportation for 48 gold pieces
 26272 | D:14     | Bought a scroll of blinking for 120 gold pieces
 26311 | D:14     | Reached XP level 15. HP: 108/143 MP: 14/14
 26910 | D:14     | Identified the +1 plate armour "Qaseh" {rF++ Int+2}
 26924 | D:14     | Reached skill level 4 in Evocations
 27032 | D:14     | Found a gate to the Vaults.
 27042 | D:14     | Identified the +6 arbalest "Hell-Harrower" {drain, Contam
                  | Will+ Int+3}
 27334 | D:15     | Entered Level 15 of the Dungeon
 27342 | D:14     | Reached skill level 16 in Armour
 27399 | D:15     | Found a gate leading to a gauntlet.
 27411 | Gauntlet | Entered a Gauntlet
 27411 | Gauntlet | Found a transporter.
 27516 | Gauntlet | Found a transporter.
 27531 | Gauntlet | Found a transporter.
 27536 | Gauntlet | Found a transporter.
 27561 | Gauntlet | Found a transporter.
 27570 | Gauntlet | Found a transporter.
 27582 | Gauntlet | Found a transporter.
 27588 | Gauntlet | Found a transporter.
 27603 | Gauntlet | Found a transporter.
 27615 | Gauntlet | Found a transporter.
 27621 | Gauntlet | Found a transporter.
 27636 | Gauntlet | Found a transporter.
 27653 | Gauntlet | Found a transporter.
 27673 | Gauntlet | Found a transporter.
 27699 | Gauntlet | Found a transporter.
 27701 | Gauntlet | Found a transporter.
 27721 | Gauntlet | Found a transporter.
 27822 | Gauntlet | Found a transporter.
 27919 | Gauntlet | Reached skill level 16 in Fighting
 27937 | Gauntlet | Identified the ring of the Vendetta {Ice rPois Str+5}
 28429 | D:15     | Found a staircase to the Depths.
 28481 | D:15     | Reached skill level 5 in Evocations
 28740 | D:15     | Found a sacrificial altar of Ru.
 29071 | D:15     | Found a basalt altar of Yredelemnul.
 29253 | Spider:1 | Entered Level 1 of the Spider Nest
 29555 | D:11     | Bought a manual of Evocations for 1360 gold pieces
 29728 | Spider:1 | Reached skill level 6 in Evocations
 30162 | Spider:1 | Noticed an emperor scorpion
 30167 | Spider:1 | Reached skill level 17 in Fighting
 30175 | Spider:1 | Killed an emperor scorpion
 30176 | Spider:1 | Reached skill level 17 in Armour
 30284 | Spider:1 | Reached skill level 7 in Evocations
 30841 | Spider:2 | HP: 10/147 [entropy weaver (6)]
 30841 | Spider:2 | HP: 1/147 [entropy weaver (7)]
 31044 | Spider:2 | Reached skill level 8 in Evocations
 31278 | Spider:2 | HP: 5/147 [ghost crab] (16)]
 31597 | Orc:2    | Bought a ring of poison resistance for 360 gold pieces
 32046 | Spider:2 | Noticed an emperor scorpion
 32065 | Spider:2 | Killed an emperor scorpion
 32066 | Spider:2 | Reached XP level 16. HP: 143/155 MP: 15/15
 32569 | Spider:2 | Reached skill level 9 in Evocations
 32963 | Spider:3 | Found a transporter.
 32976 | Spider:3 | Found a transporter.
 33154 | Spider:3 | Reached skill level 18 in Fighting
 33154 | Spider:3 | Reached skill level 18 in Armour
 33177 | Spider:3 | Reached skill level 10 in Evocations
 33742 | Spider:3 | Found a large runed translucent door.
 33742 | Spider:3 | Found a large runed translucent door.
 33744 | Spider:3 | Noticed Wale's ghost (adept DrIE)
 33893 | Spider:3 | Killed Wale's ghost
 33903 | Spider:3 | Identified the amulet "Kiurhub" {RegenMP rF+}
 34096 | Spider:4 | Entered Level 4 of the Spider Nest
 34468 | Spider:4 | Noticed Louise
 34485 | Spider:4 | Killed Louise
 34683 | Spider:4 | Reached skill level 11 in Evocations
 35584 | Spider:4 | Reached skill level 12 in Evocations
 35706 | Spider:4 | Reached skill level 19 in Fighting
 35715 | Spider:4 | Reached skill level 19 in Armour
 35987 | Spider:4 | Reached XP level 17. HP: 131/168 MP: 16/16
 36037 | Spider:4 | Got a gossamer rune of Zot
 36408 | Vaults:1 | Entered Level 1 of the Vaults
 36538 | Vaults:1 | HP: 10/168 [yaktaur/bolt (25)]
 36896 | Vaults:1 | Found a transporter.
 36896 | Vaults:1 | Identified the ring "Peucoocae" {Fly rC+ Int+3 Dex+4
                  | Slay+4}
 36902 | Vaults:1 | Noticed Leriaza's ghost (veteran DsVM)
 36903 | Vaults:1 | Identified the ring of Secrets {Ice Int+4 Dex-2 Stlth+}
 36922 | Vaults:1 | Found a transporter.
 36922 | Vaults:1 | Identified the ring of Moodiness {Wiz Str+2 Int+5 Dex-3}
 36925 | Vaults:1 | Noticed barkas's ghost (adept DjVM)
 36929 | Vaults:1 | Noticed a titan
 37014 | Vaults:1 | Reached skill level 13 in Evocations
 37113 | Vaults:1 | Identified the amulet "Xouleuhe" {Reflect Rampage Fragile
                  | rElec Int-2 SH+5}
 37114 | Vaults:1 | Noticed Yptir's ghost (adept AtFE)
 37615 | Vaults:1 | Reached skill level 14 in Evocations
 37683 | Vaults:1 | Reached skill level 20 in Fighting
 37693 | Vaults:1 | Reached skill level 20 in Armour
 38825 | Vaults:2 | Reached XP level 18. HP: 180/180 MP: 17/17
 39519 | Vaults:2 | Reached skill level 21 in Fighting
 39582 | Vaults:2 | Reached skill level 21 in Armour
 40186 | Vaults:2 | Found a staircase to the Crypt.
 40646 | D:14     | Bought a scorched plate armour for 980 gold pieces
 40646 | D:14     | Identified the +0 plate armour of Light {rF- rC++ Will+
                  | Str+4} (You bought it in a shop on level 14 of the Dungeon)
 41111 | D:11     | Reached skill level 22 in Fighting
 41299 | Elf:1    | Entered Level 1 of the Elven Halls
 41304 | Elf:1    | Paralysed by an air elemental for 1 turns
 41309 | Elf:1    | Reached skill level 22 in Armour
 41389 | Elf:1    | Paralysed by an air elemental for 1 turns
 42136 | Elf:1    | Reached skill level 5 in Dodging
 42203 | Elf:1    | You are cast into the Abyss!
 42203 | Abyss:3  | Cast into level 3 of the Abyss (a deep elf sorcerer)
 42350 | Abyss:3  | Identified the +7 spear of Casod {venom, rN++}
 42568 | Abyss:3  | Reached XP level 19. HP: 41/193 MP: 18/18
 42572 | Abyss:3  | Reached skill level 6 in Dodging
 42616 | Elf:1    | You pass through the gate.
 42616 | Elf:1    | Escaped the Abyss
 42863 | Elf:1    | Reached skill level 7 in Dodging
 43274 | Elf:1    | Reached skill level 23 in Fighting
 43474 | Elf:1    | Reached skill level 8 in Dodging
 44232 | Elf:2    | Reached skill level 9 in Dodging
 44584 | Elf:2    | Paralysed by an air elemental for 1 turns
 44715 | Elf:2    | Found a huge runed translucent gate.
 44715 | Elf:2    | Found a huge runed translucent gate.
 44715 | Elf:2    | Found a huge runed translucent gate.
 44715 | Elf:2    | Found a huge runed translucent gate.
 44715 | Elf:2    | Found a huge runed translucent gate.
 44770 | Elf:3    | Entered Level 3 of the Elven Halls
 44784 | Elf:3    | Noticed Aizul
 44807 | Elf:3    | Killed Aizul
 44974 | Elf:3    | Found Xalidataw's Magic Scroll Shoppe.
 45158 | Elf:3    | Noticed Donald
 45172 | Elf:3    | Killed Donald
 45225 | Elf:3    | Reached skill level 10 in Dodging
 45427 | Elf:3    | Got Sif Muna's Opusculum on Attacks and the Tempest
 45905 | Elf:3    | Reached skill level 24 in Fighting
 46594 | Elf:3    | Identified the +10 morningstar of Vengeance {freeze, rF+}
 46594 | Elf:3    | Identified the +0 buckler of the Ecumenical Temple {Dex+2}
 46612 | Elf:3    | Noticed a Brimstone Fiend
 46721 | Elf:3    | Reached skill level 11 in Dodging
 46745 | Elf:3    | You are cast into the Abyss!
 46745 | Abyss:3  | Noticed a profane servitor
 46745 | Abyss:3  | Cast into level 3 of the Abyss (a deep elf sorcerer)
 46764 | Abyss:3  | HP: 14/142 [profane servitor/+1 whip of draining (6)]
 46766 | Abyss:3  | Killed a profane servitor
 46800 | Abyss:3  | HP: 11/146 [Hell Sentinel (7)]
 46803 | Abyss:3  | HP: 5/146 [Hell Sentinel (8)]
 46803 | Abyss:3  | HP: 2/146 [Hell Sentinel (3)]
 46805 | Abyss:3  | Killed from afar by a Hell Sentinel

Vanquished Creatures
  A profane servitor (Abyss:3)
  2 deep elf blademasters (Elf:3)
  A deep elf master archer (Elf:3)
  Gastronok (Lair:2)
  A sphinx (Vaults:1)
  The ghost of Wale the Gelid, an adept DrIE of Vehumet (Spider:3)
  An azure jelly (Vaults:2)
  Donald (Elf:3)
  A frost giant (D:11)
  Louise (Spider:4)
  Aizul (Elf:3)
  3 vault wardens
  5 emperor scorpions
  2 ghost moths
  An orc warlord (Vaults:1)
  6 deep elf sorcerers
  2 deep elf elementalists
  A war gargoyle (Vaults:2)
  10 ironbound preservers
  4 broodmothers (Spider:4)
  3 very ugly things (Vaults:2)
  A vampire knight (Vaults:2)
  3 deep elf annihilators
  5 deep elf demonologists
  5 spark wasps
  21 dire elephants
  A minotaur (Gauntlet)
  Snorg (D:11)
  A deep elf death mage (Elf:3)
  2 entropy weavers
  A fire dragon (D:13)
  A great orb of eyes (shapeshifter) (Elf:3)
  Josephine (Orc:1)
  4 rakshasas (Abyss:3)
  4 great orbs of eyes
  An ettin (Elf:2)
  Fannar (Lair:2)
  A yaktaur captain (Vaults:1)
  8 vault guards
  An ice dragon (D:11)
  5 hydras
  A peacekeeper (Vaults:2)
  A radroach (Spider:3)
  Erolcha (D:11)
  Harold (Orc:1)
  5 two-headed ogres
  3 catoblepae
  4 boulder beetles
  10 centaur warriors
  A ghost crab (Spider:2)
  3 ironbound frosthearts (Vaults:2)
  2 tengu warriors
  16 dancing weapons
  A deep troll shaman (Vaults:1)
  6 death yaks
  2 deep troll earth magi (Vaults:1)
  A vampire mage (Vaults:2)
  2 thrashing horrors (Abyss:3)
  3 orc high priests (Orc:2)
  A storm dragon zombie (D:15)
  12 deep elf knights
  2 skeletal warriors (D:15)
  2 sun moths
  5 pharaoh ants
  2 flayed ghosts
  A death drake (Spider:2)
  25 deep trolls
  5 orb spiders
  2 glowing orange brains (Spider:4)
  A swamp dragon (Vaults:1)
  8 orc knights
  10 harpies
  20 deep elf archers
  6 lindwurms
  32 deep elf zephyrmancers
  3 wizards
  14 ironbound convokers
  26 deep elf pyromancers
  A phantasmal warrior (Vaults:2)
  5 steelbarb worms
  2 necromancers
  22 wolf spiders
  5 cyclopes
  3 orc sorcerers (Orc:2)
  2 shining eyes
  26 ugly things
  2 salamanders (shapeshifter) (Elf:3)
  6 manticores
  2 moths of wrath
  A guardian serpent (Abyss:3)
  2 demonic crawlers
  A guardian serpent (shapeshifter) (Elf:3)
  An ice statue (D:11)
  2 vault sentinels
  16 elephants
  7 torpor snails
  3 black mambas
  A gargoyle (D:11)
  A smoke demon (Abyss:3)
  6 cane toads
  An efreet (D:14)
  A rime drake (shapeshifter) (D:15)
  An unseen horror (Spider:1)
  2 spriggan zombies (D:15)
  6 rime drakes
  3 freezing wraiths
  3 kobold demonologists
  12 yaktaurs
  5 komodo dragons
  An ancient zyme (Abyss:3)
  A red devil (Spider:2)
  3 trolls
  7 meliai
  4 tyrant leeches (Spider:2)
  A polar bear (shapeshifter) (Elf:3)
  32 tarantellas
  A wind drake (Lair:3)
  A polar bear (Lair:5)
  3 hornets
  An ettin zombie (Abyss:3)
  A blink frog (shapeshifter) (Elf:3)
  13 dream sheep
  25 slime creatures
  3 raiju
  20 blink frogs
  6 water elementals
  28 culicivoras
  A jumping spider (shapeshifter) (Elf:3)
  23 jumping spiders
  Sigmund (D:2)
  3 flying skulls (Gauntlet)
  5 air elementals
  A fire elemental (Elf:2)
  8 starcursed masses (Abyss:3)
  25 yaks
  A golden eye (Gauntlet)
  6 wyverns
  A basilisk (shapeshifter) (Elf:3)
  7 basilisks
  3 large abominations (Abyss:3)
  A steam dragon (D:7)
  8 wraiths
  9 humans (D:14)
  55 redbacks
  13 vampire mosquitoes
  A neqoxec (Abyss:3)
  2 wargs
  A naga (Spider:4)
  7 acid dragons
  Edmund (D:6)
  2 small abominations (Abyss:3)
  A floating eye (shapeshifter) (Abyss:3)
  19 orc warriors
  12 water moccasins
  Pargi (Sewer)
  A tengu skeleton (D:15)
  2 sky beasts
  20 ice beasts (D:11)
  11 wolves
  5 ogres
  A boggart (Elf:1)
  5 centaurs
  A phantom (D:4)
  16 bullfrogs
  14 kobold brigands
  3 necrophages
  An earth elemental (Elf:1)
  A gnoll sergeant (D:11)
  4 scorpions
  12 wights
  An elephant simulacrum (Lair:1)
  5 killer bees
  11 electric eels
  A howler monkey (D:11)
  A quasit (Abyss:3)
  20 orc priests
  A jelly (D:5)
  3 hounds
  Ijyb (D:4)
  Natasha (thrice) (D:4)
  Terence (D:2)
  4 iguanas
  18 orc wizards
  4 hell rats (Lair:2)
  A yak simulacrum (Lair:5)
  2 polar bear simulacra (Lair:5)
  6 wolf simulacra
  Robin (D:2)
  11 gnolls
  9 adders
  A shadow imp (D:6)
  A white imp (D:6)
  2 ufetubi
  2 worms
  2 dart slugs
  64 orcs
  4 ball pythons
  4 bats (D:1)
  8 endoplasms
  9 giant cockroaches
  14 hobgoblins
  5 jackals
  15 kobolds
  11 quokkas
  12 frilled lizards
  16 goblins
  6 rats
  3 river rat simulacra (Lair:5)
  A spectral orc (D:15)
  A lurking horror (Abyss:3)
1259 creatures vanquished.

Vanquished Creatures (collateral kills)
  A broodmother (Spider:4)
  An orb spider (Spider:4)
  A torpor snail (Spider:4)
  A slime creature (Vaults:1)
4 creatures vanquished.

Vanquished Creatures (others)
  A vault guard (D:14)
  A wizard (Vaults:2)
  A deep elf pyromancer (Elf:1)
  2 orcs (Orc:1)
  32 fungi
  39 plants
  2 starspawn tentacles (Abyss:3)
  4 withered plants (D:15)
82 creatures vanquished.

Grand Total: 1345 creatures vanquished

Table legend: (Time is in decaauts)
 A = Elapsed time spent in this place.
 B = Non-inter-level travel time spent in this place.
 C = Inter-level travel time spent in this place.
 D = Time resting spent in this place.
 E = Time spent auto-exploring this place.
 F = Levels seen in this place.
 G = Mean time per level.
                   A        B        C        D        E       F      G
               +--------+--------+--------+--------+--------+-----+--------+
         Total |  45984 |  42426 |   3558 |   8432 |  25387 |  35 | 1313.8 |
       Dungeon |  17971 |  16249 |   1722 |   1723 |  11965 |  15 | 1198.1 |
          Lair |   9251 |   8500 |    751 |   2262 |   5106 |   5 | 1850.2 |
   Spider Nest |   6012 |   5674 |    338 |   1589 |   2464 |   4 | 1503.0 |
  Orcish Mines |   2590 |   2122 |    468 |    554 |   1234 |   2 | 1295.0 |
   Elven Halls |   4805 |   4690 |    115 |   1200 |   2126 |   3 | 1601.7 |
        Vaults |   3915 |   3753 |    162 |    712 |   2079 |   2 | 1957.5 |
         Abyss |    441 |    441 |      0 |    162 |     18 |   2 |  220.5 |
         Sewer |    197 |    197 |      0 |      0 |    130 |   1 |  197.0 |
      Gauntlet |    798 |    798 |      0 |    228 |    263 |   1 |  798.0 |
               +--------+--------+--------+--------+--------+-----+--------+

Top non-repeatable levels by time:
  Lair:5: 2572 daAuts
    D:14: 2446 daAuts
    D:11: 2027 daAuts
Spider:4: 2016 daAuts
Vaults:2: 2013 daAuts
   Orc:2: 1960 daAuts
  Lair:4: 1946 daAuts
   Elf:3: 1912 daAuts
  Lair:3: 1911 daAuts
     D:7: 1908 daAuts
Vaults:1: 1901 daAuts
   Elf:1: 1779 daAuts
  Lair:2: 1622 daAuts
Spider:2: 1563 daAuts
Spider:1: 1309 daAuts

Table legend:
 A = Non-vault XP
 B = Vault XP
 C = Vault XP percentage of total XP
 D = Non-vault monster count
 E = Vault monster count
 F = Vault count percentage of total count
                 A         B        C        D         E       F
            +---------+---------+-------+---------+---------+-------
      Total |  301148 |  163706 |  35.2 |     890 |     374 |  29.6
            +---------+---------+-------+---------+---------+-------
        D:1 |      38 |       0 |   0.0 |      23 |       0 |   0.0
        D:2 |      44 |     318 |  87.8 |      24 |      18 |  42.9
        D:3 |     166 |       0 |   0.0 |      22 |       0 |   0.0
        D:4 |     499 |      72 |  12.6 |      19 |       2 |   9.5
        D:5 |     598 |       0 |   0.0 |      18 |       0 |   0.0
        D:6 |     858 |     173 |  16.8 |      22 |       9 |  29.0
        D:7 |    3093 |       0 |   0.0 |      39 |       0 |   0.0
        D:8 |    1180 |    1487 |  55.8 |      14 |       4 |  22.2
        D:9 |    2818 |       0 |   0.0 |      25 |       0 |   0.0
       D:10 |    1774 |    1540 |  46.5 |      10 |      16 |  61.5
       D:11 |    4633 |    7610 |  62.2 |      28 |      39 |  58.2
       D:12 |    4228 |       0 |   0.0 |      13 |       0 |   0.0
       D:13 |    2502 |       0 |   0.0 |       4 |       0 |   0.0
       D:14 |   17612 |    3732 |  17.5 |      38 |      13 |  25.5
       D:15 |    5964 |    4431 |  42.6 |      10 |       9 |  47.4
     Lair:1 |    2652 |      96 |   3.5 |      15 |       2 |  11.8
     Lair:2 |    3086 |    2446 |  44.2 |      21 |       2 |   8.7
     Lair:3 |   11353 |     962 |   7.8 |      42 |       3 |   6.7
     Lair:4 |   12548 |       0 |   0.0 |      33 |       0 |   0.0
     Lair:5 |    5465 |   11462 |  67.7 |      16 |      33 |  67.3
   Spider:1 |   17930 |       0 |   0.0 |      56 |       0 |   0.0
   Spider:2 |   15889 |    3815 |  19.4 |      42 |      12 |  22.2
   Spider:3 |   13949 |    1421 |   9.2 |      39 |       1 |   2.5
   Spider:4 |   15062 |   22319 |  59.7 |      39 |      39 |  50.0
      Orc:1 |    1491 |    2159 |  59.2 |      17 |       4 |  19.0
      Orc:2 |    1245 |    8138 |  86.7 |      22 |      32 |  59.3
      Elf:1 |   28521 |   15083 |  34.6 |      43 |      28 |  39.4
      Elf:2 |   20120 |    2493 |  11.0 |      31 |       3 |   8.8
      Elf:3 |   16340 |   18136 |  52.6 |      24 |      20 |  45.5
   Vaults:1 |   44628 |   14860 |  25.0 |      60 |      23 |  27.7
   Vaults:2 |   34201 |   33588 |  49.5 |      54 |      41 |  43.2
    Abyss:3 |   10661 |    3968 |  27.1 |      27 |       5 |  15.6
      Sewer |       0 |     152 | 100.0 |       0 |       7 | 100.0
   Gauntlet |       0 |    3245 | 100.0 |       0 |       9 | 100.0
            +---------+---------+-------+---------+---------+-------
